 Dungeon Crawl Stone Soup version 0.22.1-1-ga44c0e56f4 (webtiles) character file.

2375 FreshCat the Thaumaturge (level 9, 0/47 HPs)
             Began as a Deep Elf Wizard on Oct 19, 2018.
             Was a Follower of Vehumet.
             Killed by divine providence
             ... invoked by an orc priest
              (10 damage)
             ... on level 9 of the Dungeon on Oct 20, 2018.
             The game lasted 01:08:47 (11417 turns).

FreshCat the Thaumaturge (Deep Elf Wizard)         Turns: 11417, Time: 01:08:47

Health: 0/47       AC:  7    Str:  7    XL:     9   Next: 21%
Magic:  0/25       EV: 15    Int: 24    God:    Vehumet [*.....]
Gold:   139        SH:  0    Dex: 13    Spells: 9/28 levels left

rFire    . . .     SeeInvis .   q - staff of conjuration
rCold    . . .     Gourm    .   (no shield)
rNeg     . . .     Faith    .   a - +0 robe
rPois    .         Spirit   +   o - +1 helmet
rElec    .         Reflect  .   b - +2 cloak
rCorr    .         Harm     .   (no gloves)
MR       .....                  (no boots)
Stlth    ++........             m - amulet of guardian spirit
HPRegen  0.15/turn              (no ring)
MPRegen  0.19/turn              (no ring)

@: no status effects
A: no striking features
a: Renounce Religion


You were on level 9 of the Dungeon.
You worshipped Vehumet.
Vehumet was aware of your devotion.
You were not hungry.

You visited 2 branches of the dungeon, and saw 10 of its levels.

You collected 425 gold pieces.
You spent 286 gold pieces at shops.

Inventory:

Missiles
 f - 189 stones
 k - 7 tomahawks (quivered)
Armour
 a - a +0 robe (worn)
 b - a +2 cloak (worn)
 o - a +1 helmet (worn)
Magical Staves
 q - an uncursed staff of conjuration (weapon)
 v - an uncursed staff of death
Jewellery
 m - an amulet of guardian spirit (around neck)
Wands
 i - a wand of iceblast (7)
 n - a wand of disintegration (8)
Scrolls
 c - a scroll of remove curse
 r - a scroll of identify
 s - 5 scrolls of teleportation
 w - a scroll of magic mapping
Potions
 e - 3 potions of curing
 g - 2 potions of brilliance {unknown}
 h - a potion of haste
 j - a potion of ambrosia
 l - a potion of flight {unknown}
 p - a potion of lignification {unknown}
 u - a potion of degeneration {unknown}
 x - a potion of invisibility {unknown}
Comestibles
 d - 16 rations


   Skills:
 + Level 1.5 Fighting
 * Level 3.4 Staves
 + Level 0.4 Throwing
 * Level 6.2 Dodging
 + Level 3.9 Stealth
 + Level 10.0 Spellcasting
 + Level 5.3 Conjurations
 + Level 3.7 Hexes
 + Level 3.1 Summonings
 + Level 3.5 Translocations
 + Level 0.2 Fire Magic
 + Level 1.0 Ice Magic
 + Level 0.4 Air Magic
 + Level 0.9 Poison Magic


You had 9 spell levels left.
You knew the following spells:

 Your Spells              Type           Power        Failure   Level  Hunger
a - Magic Dart            Conj           ####         1%          1    None
b - Blink                 Tloc           N/A          1%          2    None
c - Slow                  Hex            ####....     1%          2    None
d - Conjure Flame         Conj/Fire      #####...     4%          3    None
e - Mephitic Cloud        Conj/Pois/Air  ####....     6%          3    None
f - Call Imp              Summ           ####....     2%          2    None
g - Ensorcelled Hibernat  Hex/Ice        ###...       3%          2    None
h - Tukima's Dance        Hex            ####....     3%          3    None
i - Flame Tongue          Conj/Fire      #####        1%          1    None

Your spell library contained the following spells:

 Spells                   Type           Power        Failure   Level  Hunger
 Apportation              Tloc           ####..       1%          1    None
 Confusing Touch          Hex            ####..       1%          1    None
 Corona                   Hex            ####...      1%          1    None
 Summon Small Mammal      Summ           ####         1%          1    None
 Dazzling Spray           Conj/Hex       ######       2%          3    None
 Confuse                  Hex            ####....     3%          3    None
 Animate Skeleton         Necr           N/A          5%          1    None


Dungeon Overview and Level Annotations

Branches:
Dungeon (9/15)             Temple (1/1) D:5
   Lair: D:8-11         Orc: D:9-12

Altars:
Ashenzari
Cheibriados
Dithmenos
Elyvilon
Fedhas
Gozag
Hepliaklqana
Kikubaaqudgha
Makhleb
Nemelex Xobeh
Qazlal
Ru
Sif Muna
Uskayaw
Vehumet
Wu Jian
Xom
Yredelemnul
Zin
The Shining One

Shops:
D:7 *


Message History

Aiming: Magic Dart (safe; 1% risk of failure)
Press: ? - help, Shift-Dir - straight line, f - orc priest
Aim: an orc priest, wearing a leather armour You feel a surge of power!
The magic dart hits the orc priest.
The orc priest is lightly wounded.
Casting: Magic Dart (safe; 1% risk of failure)
Confirm with . or Enter, or press ? or * to list all spells.
Aiming: Magic Dart (safe; 1% risk of failure)
Press: ? - help, Shift-Dir - straight line, f/p - orc priest
Aim: an orc priest, wearing a leather armour (lightly wounded)
You feel a surge of power!
The magic dart hits the orc priest.
The orc priest is moderately wounded.
The orc priest mumbles some strange prayers to Beogh against you.
Beogh smites you!
* * * LOW HITPOINT WARNING * * *
An orc comes into view. It is wielding a club.
The orc shouts!
The orc priest calls down the wrath of Beogh upon you.
Beogh smites you!
You die... ..... ###>. ### .#. #.. ..# #.# #.# ## #.# #.## #....... #.# oo.

.....##. #.#####ยง#
.....##. #.#...#)#
.....##.###.....@.#
#................##
##(#####.###.....#
.........# ##...##
.....##### #....#
.#.#.# #.#.##
.###.# #.### '# #.#
#. _# #.#


You could see an orc priest.

Vanquished Creatures
  Psyche (D:9)
  A dancing weapon (D:9)
  A spriggan (D:7)
  An ice beast (D:6)
  An orc warrior (D:9)
  2 sky beasts
  A phantom (D:4)
  2 ogres
  3 centaurs
  A big kobold (D:8)
  A howler monkey (D:4)
  2 crimson imps
  3 hounds
  A jelly (D:6)
  An orc priest (D:3)
  3 orc wizards
  An iguana (D:8)
  A statue (D:5)
  A worker ant (D:5)
  A worker ant zombie (D:5)
  2 gnolls (D:5)
  A howler monkey skeleton (D:6)
  7 adders
  A shadow imp (D:7)
  2 oozes (D:4)
  3 worms
  4 dart slugs
  5 leopard geckos
  20 orcs
  4 ball pythons
  2 bats (D:2)
  2 giant cockroaches
  8 goblins
  3 hobgoblins
  16 jackals
  2 quokkas
  5 frilled lizards
  10 kobolds
  A leopard gecko zombie (D:6)
  A quokka skeleton (D:3)
  11 rats
139 creatures vanquished.

Vanquished Creatures (collateral kills)
  Grinder (D:6)
  A hippogriff (D:7)
  An orc warrior (D:6)
  A bullfrog (D:6)
  2 orc wizards (D:6)
  2 worker ants
  2 gnolls (D:5)
  10 orcs
  A ball python (D:5)
  A giant cockroach (D:5)
22 creatures vanquished.

Vanquished Creatures (others)
  2 dancing weapons
  7 plants (D:8)
9 creatures vanquished.

Grand Total: 170 creatures vanquished

Notes
Turn   | Place    | Note
-------+----------+-------------------------------------------
     0 | D:1      | FreshCat the Deep Elf Wizard began the quest for the Orb.
     0 | D:1      | Reached XP level 1. HP: 10/10 MP: 7/7
   290 | D:1      | Reached XP level 2. HP: 15/15 MP: 7/9
   357 | D:1      | Reached skill level 5 in Spellcasting
  1015 | D:2      | Learned a level 2 spell: Blink
  1018 | D:2      | Learned a level 2 spell: Slow
  1091 | D:2      | Reached XP level 3. HP: 15/19 MP: 0/11
  1485 | D:2      | Found a hazy altar of Hepliaklqana.
  1530 | D:2      | You fall through a shaft for 2 floors!
  1539 | D:4      | Reached XP level 4. HP: 22/24 MP: 4/13
  1539 | D:4      | Noticed an ogre
  1719 | D:4      | Noticed a phantom
  1967 | D:3      | Found a glowing golden altar of the Shining One.
  2367 | D:2      | Learned a level 3 spell: Conjure Flame
  2371 | D:2      | Learned a level 3 spell: Mephitic Cloud
  3235 | D:2      | Reached XP level 5. HP: 3/28 MP: 0/15
  3541 | D:3      | Reached skill level 6 in Spellcasting
  4306 | D:3      | Found a faded altar of an unknown god.
  4692 | D:3      | Reached XP level 6. HP: 8/33 MP: 0/17
  4934 | D:5      | Entered Level 5 of the Dungeon
  5146 | D:4      | Learned a level 2 spell: Call Imp
  5841 | D:5      | Reached skill level 7 in Spellcasting
  5841 | D:5      | Reached XP level 7. HP: 37/37 MP: 10/19
  6016 | D:5      | Found a staircase to the Ecumenical Temple.
  6044 | D:5      | Learned a level 2 spell: Ensorcelled Hibernation
  6048 | D:5      | Learned a level 3 spell: Tukima's Dance
  6052 | Temple   | Entered the Ecumenical Temple
  6502 | D:5      | Found a radiant altar of Vehumet.
  6585 | D:5      | Became a worshipper of Vehumet
  7894 | D:6      | Reached skill level 1 in Staves
  7894 | D:6      | Reached skill level 8 in Spellcasting
  8032 | D:6      | Found a blossoming altar of Fedhas.
  8032 | D:6      | Found an ancient bone altar of Kikubaaqudgha.
  8172 | D:6      | Reached skill level 1 in Fighting
  8309 | D:6      | Reached XP level 8. HP: 43/43 MP: 16/22
  8322 | D:6      | Noticed Grinder
  8452 | D:6      | Killed Grinder
  8685 | D:6      | Reached * piety under Vehumet
  8685 | D:6      | Offered knowledge of Flame Tongue by Vehumet.
  8689 | D:6      | Learned a level 1 spell: Flame Tongue
  9212 | D:6      | Reached skill level 5 in Dodging
  9479 | D:7      | Found Vitoptir's Assorted Antiques.
  9482 | D:7      | Bought a curved glowing staff for 264 gold pieces
  9697 | D:7      | Reached skill level 9 in Spellcasting
  9697 | D:7      | Reached skill level 5 in Conjurations
  9821 | D:7      | Found an opulent altar of Gozag.
 10205 | D:7      | Noticed a hippogriff
 10239 | D:7      | Killed a hippogriff
 10553 | D:7      | Bought a scroll labeled GEINYS ETIUGI for 22 gold pieces
 10607 | D:8      | Found a white marble altar of Elyvilon.
 10664 | D:8      | Noticed a two-headed ogre
 10796 | D:9      | Noticed Psyche
 10835 | D:9      | Killed Psyche
 10835 | D:9      | Reached skill level 1 in Ice Magic
 10835 | D:9      | Reached XP level 9. HP: 27/47 MP: 0/24
 10934 | D:9      | Reached skill level 10 in Spellcasting
 11317 | D:9      | Found a burning altar of Makhleb.
 11323 | D:9      | Found a glowing silver altar of Zin.
 11324 | D:9      | Noticed an angel
 11326 | D:9      | Noticed a green death
 11386 | D:9      | Found a sparkling altar of Nemelex Xobeh.
 11417 | D:9      | Killed from afar by an orc priest

Skill      XL: |  1  2  3  4  5  6  7  8  9 |
---------------+----------------------------+-----
Spellcasting   | 5 6 7 8 9 10 | 10.0
Conjurations   | 2 3 4 5 |  5.3
Hexes          | 2 3 |  3.7
Dodging        | 3 4 6 |  6.2
Stealth        | 3 |  3.9
Translocations | 2 3 |  3.5
Staves         | 1 3 |  3.4
Summonings     | 2 3 |  3.1
Fighting       | 1 |  1.5
Ice Magic      | 1 |  1.0
Throwing       | |  0.4
Fire Magic     | |  0.2
Air Magic      | |  0.4
Poison Magic   | |  0.9

Action                   |  1- 3 |  4- 6 |  7- 9 || total
-------------------------+-------+-------+-------++-------
Melee: Unarmed           |    11 |    19 |       ||    30
       Staff             |       |       |   173 ||   173
Throw: Tomahawk          |       |     9 |     1 ||    10
 Cast: Magic Dart        |    84 |   196 |   173 ||   453
       Slow              |     4 |     5 |     5 ||    14
       Mephitic Cloud    |       |     5 |     9 ||    14
       Blink             |       |     2 |    13 ||    15
       Conjure Flame     |       |     6 |     8 ||    14
       Call Imp          |       |     6 |    30 ||    36
       Ensorcelled Hiber |       |       |    14 ||    14
       Tukima's Dance    |       |       |     9 ||     9
  Use: Scroll            |     1 |     4 |    11 ||    16
       Potion            |       |     2 |     4 ||     6
 Stab: Sleeping          |       |       |     2 ||     2
       Distracted        |       |       |     1 ||     1
  Eat: Chunk             |     2 |     8 |    15 ||    25
       Ration            |       |     1 |     1 ||     2
Armor: Robe              |     2 |     9 |    64 ||    75
Dodge: Dodged            |    24 |    34 |   149 ||   207
